 Dungeon Sprint DCSS version 0.21.2 (webtiles) character file.

10200000 Fang the Axe Maniac (level 27, -17/323 HPs)
             Began as a Demonspawn Gladiator on Jan 10, 2019.
             Was the Champion of Makhleb.
             Killed from afar by an observer (42 damage)
             ... with a bolt of fire
             ... in the Dungeon (Sprint VIII: "Arena of Blood") on Jan 17, 2019.
             The game lasted 00:04:20 (102 turns).

Fang the Axe Maniac (Demonspawn Gladiator)           Turns: 102, Time: 00:04:21

Health: -17/323    AC: 14    Str: 28    XL:     27
Magic:  37/54      EV: 32    Int:  9    God:    Makhleb [******]
Gold:   0          SH:  0    Dex: 15    Spells: 80/80 levels left

rFire    + . .     SeeInvis .   l - +∞ Axe of Woe
rCold    . . .     Gourm    .   (shield currently unavailable)
rNeg     . . .     Faith    .   b - +0 leather armour
rPois    .         Spirit   .   c - +0 helmet
rElec    .         Reflect  .   (no cloak)
rCorr    .         Harm     .   (gloves unavailable)
MR       ++...     NoTele   +   (no boots)
Stlth    +++++++++.             (no amulet)
HPRegen  0.63/turn              (no ring)
MPRegen  0.34/turn              (no ring)

@: no status effects
A: claws 3, iridescent scales 3, demonic guardian 3, fire resistance 1, ignite
blood, robust 3, flame cloud immunity
a: Minor Destruction, Lesser Servant of Makhleb, Major Destruction, Greater
Servant of Makhleb, Renounce Religion


You were in the Dungeon.
You worshipped Makhleb.
Makhleb was exalted by your worship.
You were not hungry.

You visited 1 branch

Inventory:

Hand Weapons
 a - a +0 war axe
 l - the +∞ Axe of Woe (weapon)
   (You found it in the Dungeon)
Missiles
 d - 3 throwing nets (quivered)
Armour
 b - a +0 leather armour (worn)
 c - a +0 helmet (worn)
Scrolls
 k - a scroll of blinking
Potions
 e - a potion of curing
 g - a potion of heal wounds
 h - a potion of haste
 i - 2 potions of magic
 j - a potion of berserk rage
Comestibles
 f - a ration


   Skills:
 O Level 27 Fighting
 O Level 27 Axes
 O Level 27 Throwing
 O Level 27 Armour
 O Level 27 Dodging
 O Level 27 Stealth
 O Level 27 Unarmed Combat
 O Level 27 Spellcasting
 O Level 27 Invocations


You had 80 spell levels left.
You didn't know any spells.

Dungeon Overview and Level Annotations

Branches:
Dungeon (1/1)

Altars:
Makhleb


Innate Abilities, Weirdness & Mutations

You have claws for hands.
You are completely covered in iridescent scales. (AC +6)
A powerful demonic guardian rushes to your aid.
Your flesh is heat resistant. (rF+)
Your demonic aura causes spilled blood to erupt in flames.
You are extremely robust. (+30% HP)
You are immune to clouds of flame.


Message History

The destroyer is wielding a +9 great sword of slicing.
Items here: )) == † a +9 giant spiked club; a +100 ring of slaying; a +9 battleaxe a +30 ring of slaying; a meat berserker corpse The bag of meat shouts!
You slice the accursed!!
You fatally mangle the accursed.
You destroy the accursed!
Makhleb accepts your kill.
You feel better.
You feel extremely nervous for a moment...
Your body is wracked with pain!
* * * LOW HITPOINT WARNING * * *
You hear a shout! x3; You feel something staring at you.
Something smites you!
* * * LOW HITPOINT WARNING * * *
You hear a shout! x4
You hear a shout! x4; You feel something staring at you.
A bolt of fire appears from out of thin air!
The bolt of fire hits you! You resist.
You die...

.#.....)).O.......
......))%###.Vo...
....###)))%...###.
....O.#%))....# .
......#)))D%%.#..
......))))O%.....
#.....%o§§§o.....
......)..§)o.o...
#.......@§§....##
.....#..§D)...#..
..........D...# .
....##.#.......M.
... .............
####....#.....###
..............
..............


You could see an accursed, 3 eight-headed meat hydras, a destroyer, a large bag
of meat (inner flame), a meat berserker (berserk) and 5 bags of meat.

Vanquished Creatures
  6 hell beasts (D)
  5 greater mummies (D)
  4 wraiths (D)
  4 liches (D)
  5 hydras (D)
  39 orcs (D)
  A phantom (D)
  A skeletal warrior (D)
  12 vampire knights (D)
  20 ogres (D)
  6 two-headed ogres (D)
103 creatures vanquished.

Vanquished Creatures (collateral kills)
  An orc (D)
1 creature vanquished.

Vanquished Creatures (others)
  2 orcs (D)
2 creatures vanquished.

Grand Total: 106 creatures vanquished

Notes
Turn   | Place    | Note
-------+----------+-------------------------------------------
     0 | D        | Found the +∞ Axe of Woe
     0 | D        | Fang the Demonspawn Gladiator began the quest for the Orb.
     0 | D        | Reached XP level 1. HP: 16/16 MP: 1/1
     4 | D        | Noticed a bag of meat
     4 | D        | Became a worshipper of Makhleb the Destroyer
     5 | D        | Noticed a bag of meat
     5 | D        | Noticed a bag of meat
     6 | D        | Noticed a bag of meat
     6 | D        | Noticed a bag of meat
     6 | D        | Noticed a bag of meat
     7 | D        | Noticed a bag of meat
     7 | D        | Noticed a bag of meat
     7 | D        | Noticed a meat berserker
     8 | D        | Killed a meat berserker
     8 | D        | Reached skill level 10 in Throwing
     8 | D        | Gained mutation: You are partially covered in iridescent scales. (AC +2) [demonic ancestry]
     8 | D        | Reached XP level 2. HP: 38/38 MP: 2/2
     8 | D        | Reached XP level 3. HP: 44/44 MP: 3/3
     8 | D        | Gained mutation: You are mostly covered in iridescent scales. (AC +4) [demonic ancestry]
     8 | D        | Reached XP level 4. HP: 51/51 MP: 4/4
     8 | D        | Gained mutation: Your flesh is heat resistant. (rF+) [demonic ancestry]
     8 | D        | Reached XP level 5. HP: 57/57 MP: 5/5
     8 | D        | Reached XP level 6. HP: 64/64 MP: 6/6
     8 | D        | Gained mutation: You have sharp fingernails. [demonic ancestry]
     8 | D        | Reached XP level 7. HP: 69/69 MP: 7/7
     8 | D        | Reached XP level 8. HP: 76/76 MP: 8/8
     8 | D        | Gained mutation: You are immune to clouds of flame. [demonic ancestry]
     8 | D        | Reached XP level 9. HP: 82/82 MP: 9/9
     8 | D        | Gained mutation: A weak demonic guardian rushes to your aid. [demonic ancestry]
     8 | D        | Reached XP level 10. HP: 89/89 MP: 10/10
     8 | D        | Gained mutation: You have very sharp fingernails. [demonic ancestry]
     8 | D        | Reached XP level 11. HP: 95/95 MP: 11/11
     8 | D        | Reached XP level 12. HP: 102/102 MP: 12/12
     8 | D        | Gained mutation: You have claws for hands. [demonic ancestry]
     8 | D        | Reached XP level 13. HP: 107/107 MP: 13/13
     9 | D        | Noticed a meat berserker
     9 | D        | Noticed a meat berserker
     9 | D        | Killed a bag of meat
     9 | D        | Reached * piety under Makhleb
     9 | D        | Killed a meat berserker
     9 | D        | Gained mutation: You are completely covered in iridescent scales. (AC +6) [demonic ancestry]
     9 | D        | Reached XP level 14. HP: 121/121 MP: 14/14
    11 | D        | Noticed a bag of meat
    11 | D        | Killed a bag of meat
    11 | D        | Reached skill level 15 in Fighting
    11 | D        | Reached XP level 15. HP: 98/129 MP: 15/15
    11 | D        | Reached ** piety under Makhleb
    13 | D        | Reached skill level 27 in Axes
    13 | D        | Gained mutation: A demonic guardian rushes to your aid. [demonic ancestry]
    13 | D        | Reached XP level 16. HP: 141/141 MP: 16/16
    13 | D        | Reached *** piety under Makhleb
    13 | D        | Reached skill level 15 in Throwing
    13 | D        | Reached skill level 27 in Dodging
    15 | D        | Killed a meat berserker
    15 | D        | Reached skill level 5 in Armour
    15 | D        | Reached XP level 17. HP: 166/166 MP: 17/17
    17 | D        | Reached **** piety under Makhleb
    19 | D        | Reached skill level 27 in Fighting
    21 | D        | Noticed a large bag of meat
    22 | D        | Reached XP level 18. HP: 182/182 MP: 18/18
    24 | D        | Noticed a meat berserker
    24 | D        | Killed a large bag of meat
    24 | D        | Reached skill level 27 in Throwing
    25 | D        | Noticed a meat berserker
    25 | D        | Noticed a destroyer
    25 | D        | Noticed a large bag of meat
    25 | D        | Noticed a meat berserker
    25 | D        | Noticed a large bag of meat
    26 | D        | Noticed a meat berserker
    26 | D        | Reached ***** piety under Makhleb
    28 | D        | Noticed a meat berserker
    28 | D        | Killed a meat berserker
    28 | D        | Reached XP level 19. HP: 112/189 MP: 19/19
    29 | D        | Noticed a destroyer
    29 | D        | Killed a destroyer
    29 | D        | Reached skill level 27 in Armour
    30 | D        | Reached skill level 10 in Stealth
    30 | D        | Killed a meat berserker
    30 | D        | Reached XP level 20. HP: 197/197 MP: 19/37
    31 | D        | Noticed a large bag of meat
    31 | D        | Noticed an eight-headed meat hydra
    31 | D        | Reached skill level 15 in Stealth
    32 | D        | Killed a destroyer
    32 | D        | Reached ****** piety under Makhleb
    33 | D        | Killed a meat berserker
    33 | D        | Gained mutation: You are robust. (+10% HP) [demonic ancestry]
    33 | D        | Reached XP level 21. HP: 197/224 MP: 19/44
    34 | D        | Killed a large bag of meat
    34 | D        | Reached skill level 27 in Invocations
    35 | D        | Noticed a destroyer
    36 | D        | Noticed a destroyer
    37 | D        | Killed a large bag of meat
    37 | D        | Reached XP level 22. HP: 219/233 MP: 20/49
    38 | D        | Killed a destroyer
    38 | D        | Reached skill level 27 in Stealth
    41 | D        | Noticed a destroyer
    41 | D        | Noticed a destroyer
    41 | D        | Killed a large bag of meat
    42 | D        | Reached skill level 27 in Unarmed Combat
    43 | D        | Noticed a destroyer
    43 | D        | Killed a destroyer
    43 | D        | Reached skill level 27 in Spellcasting
    44 | D        | Killed a destroyer
    44 | D        | Gained mutation: Your demonic aura causes spilled blood to erupt in flames. [demonic ancestry]
    44 | D        | Reached XP level 23. HP: 240/240 MP: 22/54
    45 | D        | Noticed a large bag of meat
    46 | D        | Noticed an accursed
    48 | D        | Noticed a tyrant
    48 | D        | Killed a destroyer
    48 | D        | Gained mutation: You are very robust. (+20% HP) [demonic ancestry]
    48 | D        | Reached XP level 24. HP: 178/272 MP: 23/54
    49 | D        | Killed a destroyer
    51 | D        | Killed a large bag of meat
    52 | D        | Noticed a tyrant
    53 | D        | Noticed an accursed
    53 | D        | Killed an accursed
    53 | D        | Gained mutation: You are extremely robust. (+30% HP) [demonic ancestry]
    53 | D        | Reached XP level 25. HP: 195/304 MP: 24/54
    54 | D        | Noticed a destroyer
    55 | D        | Killed a tyrant
    55 | D        | Killed a destroyer
    56 | D        | Noticed a tyrant
    57 | D        | Noticed a destroyer
    59 | D        | Noticed an accursed
    59 | D        | Killed a destroyer
    59 | D        | Gained mutation: A powerful demonic guardian rushes to your aid. [demonic ancestry]
    59 | D        | Reached XP level 26. HP: 134/314 MP: 26/54
    61 | D        | Killed a tyrant
    62 | D        | Killed a tyrant
    63 | D        | Killed an accursed
    64 | D        | Noticed a destroyer
    67 | D        | Noticed a meat beast
    68 | D        | Noticed a meat beast
    68 | D        | Noticed a dread
    68 | D        | Killed a destroyer
    68 | D        | Reached XP level 27. HP: 323/323 MP: 28/54
    69 | D        | Noticed a meat beast
    70 | D        | Killed a meat beast
    70 | D        | Killed a meat beast
    71 | D        | Killed a meat beast
    75 | D        | Noticed a dread
    76 | D        | Killed a dread
    76 | D        | Killed an accursed
    77 | D        | Noticed a dread
    78 | D        | Noticed a destroyer
    80 | D        | Noticed an accursed
    80 | D        | Noticed a meat beast
    80 | D        | Noticed a tyrant
    81 | D        | Killed a destroyer
    83 | D        | Noticed a large bag of meat
    83 | D        | Noticed a dread
    84 | D        | Killed a meat beast
    86 | D        | HP: 14/323 [??? (11)]
    86 | D        | HP: 3/323 [accursed/divine providence (11)]
    87 | D        | Noticed a destroyer
    88 | D        | Killed a tyrant
    89 | D        | Killed a dread
    90 | D        | Noticed a meat beast
    90 | D        | Killed a dread
    91 | D        | Noticed a large bag of meat
    91 | D        | Killed an accursed
    93 | D        | Noticed an accursed
    93 | D        | Killed a large bag of meat
    94 | D        | Noticed a meat beast
    95 | D        | HP: 10/323 [??? (7)]
    96 | D        | Killed a dread
    96 | D        | Killed a destroyer
    97 | D        | Killed a meat beast
    98 | D        | HP: 4/323 [??? (1)]
    99 | D        | Killed a meat beast
   101 | D        | Noticed a destroyer
   101 | D        | Noticed an accursed
   101 | D        | Killed an accursed
   102 | D        | Killed from afar by an observer

Skill      XL: |  1  2  3  4  5  6  7  8  9 10 11 12 13 14 15 16 17 18 19 20 21 22 |
---------------+-------------------------------------------------------------------+-----
Fighting       | 11 14 15 17 24 27 | 27.0
Axes           | 19 23 24 27 | 27.0
Throwing       | 10 12 13 14 19 23 27 | 27.0
Dodging        | 18 22 23 25 27 | 27.0
Armour         | 5 9 23 27 | 27.0
Stealth        | 14 20 25 27 | 27.0
Unarmed Combat | 13 19 23 27 | 27.0
Spellcasting   | 13 19 23 27 | 27.0
Invocations    | 17 25 27 | 27.0

Action                   |  1- 3 |  4- 6 |  7- 9 | 10-12 | 13-15 | 16-18 | 19-21 | 22-24 | 25-27 || total
-------------------------+-------+-------+-------+-------+-------+-------+-------+-------+-------++-------
Melee: Executioner's axe |     1 |       |       |       |     4 |     7 |     9 |    11 |    37 ||    69
Invok: Major Destruction |       |       |       |       |       |       |       |       |     2 ||     2
Armor: Leather armour    |       |       |       |       |       |       |       |     2 |     6 ||     8
Dodge: Dodged            |       |       |       |       |       |     1 |       |     1 |     5 ||     7
